 Dungeon Crawl Stone Soup version 0.27-a0-679-g77a6b55cf3 (webtiles) character file.

Game seed: 13408948506914717041

133 Trevise the Cudgeller (level 4, -1/35 HPs)
             Began as a Demonspawn Gladiator on Mar 18, 2021.
             Slain by a hornet (12 damage)
             ... while paralysed by a hornet
             ... on level 3 of the Dungeon.
             The game lasted 00:03:13 (3443 turns).

Trevise the Cudgeller (Demonspawn Gladiator)        Turns: 3443, Time: 00:03:13

Health: -1/35      AC: 11    Str: 15    XL:     4   Next: 93%
Magic:  4/4        EV:  2    Int: 10    God:
Gold:   95         SH:  0    Dex: 14    Spells: 3/3 levels left

rFire    . . .     SeeInvis .   x - +0 flail (protect)
rCold    . . .     Faith    .   (no shield)
rNeg     . . .     Spirit   .   b - +0 leather armour
rPois    .         Reflect  .   c - +0 helmet
rElec    .         Harm     .   (no cloak)
rCorr    .         Rampage  .   (no gloves)
Will     .....                  (no boots)
Stlth    +.........             (no amulet)
HPRegen  0.11/turn              (no ring)
MPRegen  0.09/turn              (no ring)

@: paralysed, protection aura, slowed
A: demonic guardian 1
a: no special abilities


You were on level 3 of the Dungeon.
You visited 1 branch of the dungeon, and saw 3 of its levels.

You collected 95 gold pieces.

Inventory:

Hand Weapons
 a - a +0 flail
 x - a +0 flail of protection (weapon)
   (You took it off an orc on level 3 of the Dungeon)
Missiles
 d - 3 throwing nets {!d}
 i - 32 arrows
 s - 66 stones (quivered)
 u - 7 javelins
Armour
 b - a +0 leather armour (worn)
 c - a +0 helmet (worn)
Jewellery
 f - a +6 ring of dexterity
   (You found it on level 1 of the Dungeon)
 g - an amulet of reflection
   (You found it on level 1 of the Dungeon)
Wands
 e - a wand of charming (7)
   (You found it on level 2 of the Dungeon)
Scrolls
 h - 2 scrolls of identify {unknown}
 j - a scroll of holy word {unknown}
 k - a scroll of blinking {unknown}
 l - a scroll of teleportation {unknown}
 o - a scroll of random uselessness {unknown}
 q - 2 scrolls of fog {unknown}
 t - 2 scrolls of enchant weapon {unknown}
 w - a scroll of immolation {unknown}
Potions
 m - a potion of flight {unknown}
 n - a potion of mutation {unknown}
 p - a potion of might {unknown}
 r - a potion of ambrosia {unknown}
 v - a potion of curing {unknown}


   Skills:
 + Level 3.3 Fighting
 * Level 4.5 Maces & Flails
 - Level 1.7 Throwing
 - Level 2.6 Dodging


You had 3 spell levels left.
You didn't know any spells.
Your spell library was empty.

Dungeon Overview and Level Annotations

Branches:
Dungeon (3/15)

Altars:
Wu Jian

Shops:
D:1 (!


Innate Abilities, Weirdness & Mutations

A weak demonic guardian rushes to your aid.


Message History

The giant cockroach closely misses you.
You hit the giant cockroach.
You kill the giant cockroach!
No target in view!
No target in view!
You see here a giant cockroach corpse.
s - 48 stones (gained 1)
s - 49 stones (gained 1)
s - 50 stones (gained 1)
A frilled lizard comes into view.
The frilled lizard hisses angrily.
You see here a stone.
A frilled lizard is nearby!
A frilled lizard is nearby!
A frilled lizard is nearby!
You throw a stone.
The stone hits the frilled lizard but does no damage.
You throw a stone.
The stone hits the frilled lizard but does no damage.
You throw a stone.
The stone hits the frilled lizard but does no damage.
You throw a stone.
The stone hits the frilled lizard but does no damage.
You throw a stone. The stone misses the frilled lizard.
You sock the frilled lizard!
Your weapon exudes an aura of protection.
You kill the frilled lizard!
No target in view!
Search for what [Enter for "armor", or ? for help]? armor
s - 46 stones (gained 1)
s - 47 stones (gained 1)
s - 48 stones (gained 1)
s - 49 stones (gained 1)
s - 50 stones (gained 1)
s - 70 stones (gained 20)
Found two stone staircases leading down.
A bat comes into view.
Found an escape hatch in the ceiling.
A bat is nearby!
A bat is nearby!
You throw a stone.
The stone hits the bat but does no damage.
You throw a stone. The stone hits the bat.
You miss the bat. The bat hits you but does no damage.
You throw a stone. The stone barely misses the bat.
The bat hits you but does no damage.
You sock the bat!
Your weapon exudes an aura of protection.
You kill the bat!
No target in view!
You see here a bat corpse.
s - 68 stones (gained 1)
s - 69 stones (gained 1)
A rat comes into view. x2
There are monsters nearby!
There are monsters nearby!
You throw a stone. The stone closely misses the rat.
You throw a stone.
The stone hits the rat but does no damage.
You throw a stone. The stone closely misses the rat.
You throw a stone.
The stone hits the rat but does no damage.
You barely miss the rat. The rat closely misses you.
You barely miss the rat. The rat bites you. The rat completely misses you.
You take 1 damage, and have 34/35 hp.
You barely miss the rat. The rat closely misses you. x2
Health restored: 35 You sock the rat!
Your weapon exudes an aura of protection.
You kill the rat!
The rat bites you but does no damage.
You sock the rat!
You kill the rat!
No target in view!
s - 66 stones (gained 1)
s - 67 stones (gained 1)
s - 68 stones (gained 1)
s - 69 stones (gained 1)
A hornet comes into view.
The hornet buzzes angrily.
A hornet is nearby!
A hornet is nearby!
You throw a stone.
The stone hits the hornet but does no damage.
You throw a stone.
The stone hits the hornet but does no damage.
A kobold comes into view. It is wielding a +0 club.
You throw a stone. The stone closely misses the hornet.
The kobold shouts!
You thump the hornet!
Your weapon exudes an aura of protection.
The hornet misses you.
An ooze comes into view.
The hornet stings you!
You suddenly lose the ability to move!
The hornet stings you.
You feel yourself slow down. The hornet stings you!
A demonic guardian appears!
You feel as though you will be slow longer.
The hornet stings you!
You die...

#.# ..# #<# #.#
#>.# #.# #.#
#..# #.#
##†###..# ####
#.#
##...##..##....
#.#
#<...........(.
..#
#.....#..(K.J.
###
#.......y.#.
#.....#@.#....
#.....#.#?# .
#.#####5# # #.#
#.# #.# #.# #.#
#.# ... ... ###
###


You could see a hornet (ally target), an ooze (wandering), a kobold and a
friendly ufetubus (summoned).

Vanquished Creatures
  A howler monkey (D:2)
  A gnoll (D:2)
  2 adders (D:2)
  2 oozes
  A leopard gecko (D:3)
  An orc (D:3)
  8 bats
  4 giant cockroaches
  3 goblins
  6 hobgoblins
  6 kobolds
  A quokka (D:3)
  A frilled lizard (D:3)
  8 rats
45 creatures vanquished.

Vanquished Creatures (collateral kills)
  An adder (D:2)
  2 worms
  A frilled lizard (D:2)
4 creatures vanquished.

Grand Total: 49 creatures vanquished

Notes
Turn   | Place    | Note
-------+----------+-------------------------------------------
     0 | D:1      | Trevise the Demonspawn Gladiator began the quest for the
                  | Orb.
     0 | D:1      | Reached XP level 1. HP: 16/16 MP: 1/1
   364 | D:1      | Reached skill level 3 in Maces & Flails
   508 | D:1      | Gained mutation: A weak demonic guardian rushes to your
                  | aid. [demonic ancestry]
   508 | D:1      | Reached XP level 2. HP: 22/22 MP: 2/2
  1129 | D:1      | Found Qoero's Antique Weapon Shoppe.
  1476 | D:1      | Found Xossec's Distillery.
  1615 | D:2      | Noticed a howler monkey
  1627 | D:2      | Killed a howler monkey
  1628 | D:2      | Reached XP level 3. HP: 28/28 MP: 3/3
  1636 | D:2      | Reached skill level 4 in Maces & Flails
  1636 | D:2      | Reached XP level 4. HP: 26/34 MP: 4/4
  1677 | D:2      | Reached skill level 3 in Fighting
  2247 | D:2      | Found an ornate altar of the Wu Jian Council.
  3437 | D:3      | Noticed a hornet
  3441 | D:3      | Paralysed by a hornet for 3 turns
  3443 | D:3      | Slain by a hornet

Illustrated notes

Levels and vault maps discovered:
D:1:      eino_arrival_cavern_b, layout_loops_cross, serial_glass,
          glass_columns_a, glass_columns_a, serial_shops,
          nicolae_shop_window_shopping, shop_statue
D:2:      layout_basic, nicolae_wu_jian_immortal_techniques,
          minmay_pentomino_pile
D:3:      layout_loops_ring

Skill      XL: |  1  2  3  4 |
---------------+-------------+-----
Maces & Flails | 3 4 |  4.5
Fighting       | 3 |  3.3
Throwing       | |  1.7
Dodging        | |  2.6

Action                   |  1- 3 |  4- 6 || total
-------------------------+-------+-------++-------
Melee: Flail             |    57 |    74 ||   131
Throw: Stone             |    40 |   106 ||   146
Armor: Leather armour    |    10 |    18 ||    28
Dodge: Dodged            |    43 |    37 ||    80

Table legend: (Time is in decaauts)
 A = Elapsed time spent in this place.
 B = Non-inter-level travel time spent in this place.
 C = Inter-level travel time spent in this place.
 D = Time resting spent in this place.
 E = Time spent auto-exploring this place.
 F = Levels seen in this place.
 G = Mean time per level.
                   A        B        C        D        E       F      G
               +--------+--------+--------+--------+--------+-----+--------+
         Total |   3473 |   3445 |     28 |    404 |   2630 |   3 | 1157.7 |
       Dungeon |   3473 |   3445 |     28 |    404 |   2630 |   3 | 1157.7 |
               +--------+--------+--------+--------+--------+-----+--------+

Top non-repeatable levels by time:
     D:1: 1616 daAuts
     D:2: 1398 daAuts
     D:3: 458 daAuts

Table legend:
 A = Kills in this place as a percentage of kills in entire the game.
 B = Kills by you in this place as a percentage of kills by you in the entire game.
 C = Kills by friends in this place as a percentage of kills by friends in the entire game.
 D = Other kills in this place as a percentage of other kills in the entire game.
 E = Experience gained in this place as a percentage of experience gained in the entire game.
 F = Experience gained in this place divided by the number of levels of this place that you have seen.
                   A       B       C       D       E      F
               +-------+-------+-------+-------+-------+----------------------
         Total | 100.0 | 100.0 | 100.0 |   N/A | 100.0 |  63.3
       Dungeon | 100.0 | 100.0 | 100.0 |   N/A | 100.0 |  63.3
               +-------+-------+-------+-------+-------+----------------------
